 Dungeon Crawl Stone Soup version 0.18-a0-1577-gf591c28 (webtiles) character file.

29338 Ijustatesigmund the Grand Gadgeteer (level 13, -5/91 HPs)
             Began as an Octopode Assassin on Mar 21, 2016.
             Was the Champion of Pakellas.
             Shot with a bolt by an orc warrior (15 damage)
             ... on level 2 of the Orcish Mines.
             The game lasted 01:31:09 (22933 turns).

Ijustatesigmund the Grand Gadgeteer (OpAs)         Turns: 22933, Time: 01:31:10

Health: -5/91      AC:  4    Str: 14    XL:     13   Next: 44%
Magic:  5/32       EV: 13    Int: 13    God:    Pakellas [******]
Gold:   1550       SH:  7    Dex: 17    Spells: 0 memorised, 12 levels left

rFire  . . .     SeeInvis .     d - +1 short sword (elec)
rCold  + . .     Gourm    .     t - +1 buckler
rNeg   + . .     Faith    .     (helmet restricted)
rPois  +         Spirit   .     (no amulet)
rElec  .         Dismiss  .     o - +3 ring of protection
rCorr  .         Reflect  .     m - ring of magical power
SustAt .         Harm     .     j - ring of protection from cold
MR     .....                    G - ring of positive energy
Stlth  ++++++....               H - +2 ring of strength
                                N - ring of flight
                                (no ring)
                                (no ring)

@: not resistant to hostile enchantments, very stealthy
A: almost no armour, amphibious, 8 rings, constrict 8, camouflage 1, high mp 1,
poison resistance, gelatinous body 1
a: Quick Charge, Device Surge, Supercharge, Renounce Religion, Evoke Flight


You were on level 2 of the Orcish Mines.
You worshipped Pakellas.
Pakellas was exalted by your worship.
You were not hungry.

You visited 4 branches of the dungeon, and saw 18 of its levels.
You also visited: Bailey.

You collected 1637 gold pieces.
You spent 87 gold pieces at shops.

Inventory:

Hand Weapons
 b - a +0 blowgun
 d - a +1 short sword of electrocution (weapon)
 r - a +1 short sword of freezing
 x - a +3 dagger of holy wrath
Missiles
 c - 61 poisoned needles
 i - 6 throwing nets (quivered)
 p - 67 tomahawks of returning
Armour
 t - a +1 buckler (worn)
Rods
 C - a +4 rod of inaccuracy (11/11)
   (Pakellas gifted it to you on level 9 of the Dungeon)
Jewellery
 j - a ring of protection from cold (on tentacle)
 m - a ring of magical power (right tentacle)
 o - a +3 ring of protection (left tentacle)
 E - an uncursed ring of ice
 G - a ring of positive energy (on tentacle)
 H - a +2 ring of strength (on tentacle)
 N - a ring of flight (on tentacle)
Wands
 e - a wand of disintegration (2/24)
 k - a wand of digging (12/24)
 q - a wand of polymorph (7/24)
 z - a wand of acid (7/15)
 B - a wand of random effects (20/48)
 J - a wand of polymorph (4/24)
 K - a wand of iceblast (1/15)
 M - a wand of paralysis (0/24)
Scrolls
 a - 2 scrolls of identify
 y - 6 scrolls of remove curse
 A - 2 scrolls of amnesia
 O - a scroll of recharging
Potions
 h - a potion of mutation
 n - 2 potions of cancellation
 s - 3 potions of flight
 u - 6 potions of curing
 D - 8 potions of magic
 F - a potion of lignification
Miscellaneous
 g - a box of beasts {used: 4}
 P - a lantern of shadows
Comestibles
 f - 6 bread rations
 l - 12 meat rations
 Q - 8 royal jellies


   Skills:
 + Level 9.7 Fighting
 + Level 10.4 Short Blades
 - Level 6.7 Throwing
 - Level 8.0 Dodging
 + Level 10.5 Stealth
 - Level 8.0 Shields
 + Level 11.5 Evocations


You had 12 spell levels left.
You didn't know any spells.

Dungeon Overview and Level Annotations

Branches:
Dungeon (13/15)            Temple (1/1) D:7            Lair (2/8) D:10
    Orc (2/2) D:10            Elf (0/3) Orc:2
 Vaults: D:13-14

Altars:
Ashenzari
Cheibriados
Dithmenos
Elyvilon
Fedhas
Gozag
Kikubaaqudgha
Makhleb
Nemelex Xobeh
Okawaru
Pakellas
Qazlal
Ru
Sif Muna
Trog
Vehumet
Xom
Yredelemnul
Zin
The Shining One

Shops:
D:5 *((   D:8 [   Orc:2 *


Innate Abilities, Weirdness & Mutations

You cannot wear most types of armour.
You are amphibious.
You can wear up to eight rings at the same time.
You can use your tentacles to constrict eight enemies at once.
Your skin changes colour to match your surroundings (Stealth).
Your rubbery body absorbs attacks (AC +1).
You have an increased reservoir of magic (+10% MP).
Your system is resistant to poisons.


Message History

Evoke which item? (* to show all) (? for menu, Esc to quit)
Zapping:
K - a wand of iceblast (2/15)
Press: ? - help, Shift-Dir - straight line, f - orc warrior
Aim: an orc warrior, wielding an arbalest The mass of ice explodes!
The iceblast engulfs the orc warrior.
The orc warrior is almost dead.
The iceblast engulfs the orc wizard.
You kill the orc wizard!
Pakellas accepts your kill.
You feel your power returning.
This wand has 1 charge left.
The orc warrior shoots a bolt.
The bolt hits you!!
* * * LOW HITPOINT WARNING * * *
The orc wizard mumbles some strange words.
The orc wizard seems to speed up.
The orc wizard gestures at you while chanting.
The puff of flame hits you!
* * * LOW HITPOINT WARNING * * *
The orc warrior shoots a bolt.
The bolt hits you!
You die...
Pakellas says: Time to start the next experiment...

############### ##
##.#..#..#.##..####.
#...............##..
#..............#.#..
#..@)(.......#......
#....(((.o..........
#........(..(.......
#....)o.........#.(.
##..(.............(.
#(.............(.(..
##......#..........(
#...(...##.#.....(.(
##.))...#........((.


You could see an orc warrior and an orc wizard.

Vanquished Creatures
  Maud (D:11)
  A vault guard (D:13)
  3 hydras
  A centaur warrior (Orc:1)
  The ghost of Bubs the Conjurer, a novice OpCj of Qazlal (D:8)
  3 hill giants
  A deep elf mage (D:9)
  An orc knight (Orc:1)
  An orc sorcerer (Orc:1)
  An ugly thing (D:12)
  A molten gargoyle (Lair:2)
  A gargoyle (D:13)
  2 spiny frogs
  A komodo dragon (D:10)
  5 trolls
  A two-headed ogre (D:9)
  Grinder (D:6)
  4 blink frogs (Lair:1)
  Sigmund (D:6)
  A wraith (D:10)
  14 yaks
  3 fire bats (Lair:2)
  A shadow (D:12)
  A wyvern (D:12)
  4 hungry ghosts
  Eustachio (D:6)
  2 hippogriffs
  2 wargs
  A mottled dragon (D:11)
  3 water moccasins
  10 orc warriors
  2 porcupines
  A black bear (Lair:1)
  2 wasps
  A phantom (D:5)
  3 ice beasts
  2 necrophages
  14 ogres
  15 centaurs
  5 crocodiles
  9 big kobolds (D:8)
  8 giant frogs
  4 gnoll sergeants (D:9)
  A wyvern zombie (D:11)
  27 killer bees
  5 scorpions
  11 wights
  An electric eel (Lair:2)
  8 crimson imps
  3 howler monkeys
  A centaur zombie (D:3)
  3 jellies
  3 quasits
  Crazy Yiuf (D:6)
  3 gnoll shamans
  11 orc priests
  9 hounds
  2 giant frog skeletons
  4 iguanas
  21 orc wizards
  Jessica (D:2)
  8 worker ants
  4 hound skeletons
  A howler monkey zombie (D:5)
  2 worker ant zombies
  41 gnolls
  14 adders
  29 river rats
  2 shadow imps
  An ooze (D:3)
  An adder skeleton (D:5)
  4 dart slugs
  5 giant geckos
  56 orcs
  2 ball pythons (D:1)
  3 bats
  6 giant cockroaches
  7 goblins
  16 hobgoblins
  16 jackals
  4 quokkas
  4 giant newts
  24 kobolds
  4 rats
  A plant (D:10)
510 creatures vanquished.

Vanquished Creatures (collateral kills)
  A centaur warrior (Orc:2)
  A spiny frog (Lair:1)
  A queen bee (Lair:2)
  A hippogriff (Lair:1)
  An orc warrior (D:10)
  A crocodile (Lair:1)
  6 killer bees (Lair:2)
  An iguana (Lair:1)
  An orc (Orc:2)
14 creatures vanquished.

Vanquished Creatures (others)
  A tengu conjurer (D:13)
  2 orcs
3 creatures vanquished.

Grand Total: 527 creatures vanquished

Notes
Turn   | Place    | Note
--------------------------------------------------------------
     0 | D:1      | Ijustatesigmund the Octopode Assassin began the quest for the Orb.
     0 | D:1      | Reached XP level 1. HP: 14/14 MP: 1/1
    87 | D:1      | Reached XP level 2. HP: 18/20 MP: 2/2
   569 | D:1      | Reached XP level 3. HP: 25/25 MP: 3/3
   921 | D:2      | Found a shadowy altar of Dithmenos.
   928 | D:2      | Found a sparkling altar of Nemelex Xobeh.
   928 | D:2      | Found an oddly glowing altar of Pakellas.
   979 | D:2      | Noticed Jessica
   984 | D:2      | Killed Jessica
   984 | D:2      | Reached XP level 4. HP: 29/31 MP: 4/4
  1603 | D:3      | Reached XP level 5. HP: 30/37 MP: 5/5
  2084 | D:2      | Found an ancient bone altar of Kikubaaqudgha.
  2084 | D:2      | Found a sacrificial altar of Ru.
  2098 | D:2      | Became a worshipper of Pakellas the Inventive
  2172 | D:4      | Identified Qiheuwno's Incunabulum of Good Luck
  2338 | D:4      | Reached skill level 1 in Evocations
  2526 | D:4      | Reached XP level 6. HP: 43/43 MP: 5/7
  2650 | D:4      | Found a glowing silver altar of Zin.
  2653 | D:4      | Noticed an angel
  2668 | D:4      | Found a shimmering altar of Xom.
  2979 | D:5      | Entered Level 5 of the Dungeon
  2979 | D:5      | Found Domn's Antique Weapon Boutique.
  3400 | D:5      | Reached * piety under Pakellas
  3432 | D:5      | Noticed a necrophage
  3442 | D:5      | Killed a necrophage
  3442 | D:5      | Reached skill level 2 in Evocations
  3442 | D:5      | Reached XP level 7. HP: 45/49 MP: 8/8
  3496 | D:5      | Reached skill level 5 in Fighting
  3496 | D:5      | Reached skill level 5 in Short Blades
  3783 | D:5      | You fall through a shaft for 2 floors!
  4085 | D:6      | Reached skill level 3 in Evocations
  4309 | D:6      | Reached XP level 8. HP: 51/56 MP: 10/10
  5139 | D:6      | Found a burning altar of Makhleb.
  5198 | D:7      | Found a basalt altar of Yredelemnul.
  5323 | D:7      | Reached skill level 4 in Evocations
  5519 | D:7      | Found a staircase to the Ecumenical Temple.
  5524 | Temple   | Entered the Ecumenical Temple
  5828 | D:6      | Reached ** piety under Pakellas
  5828 | D:6      | Received a gift from Pakellas
  5938 | D:6      | Reached skill level 1 in Shields
  6016 | D:6      | Found a shimmering altar of Xom.
  6082 | D:6      | Noticed Sigmund
  6091 | D:6      | Killed Sigmund
  6236 | D:6      | Noticed Crazy Yiuf
  6240 | D:6      | Killed Crazy Yiuf
  6276 | D:6      | Noticed Eustachio
  6279 | D:6      | Killed Eustachio
  6279 | D:6      | Reached XP level 9. HP: 62/62 MP: 12/12
  6524 | D:6      | Noticed Grinder
  6531 | D:6      | Paralysed by Grinder for 4 turns
  6746 | D:6      | Paralysed by Grinder for 3 turns
  6759 | D:6      | Killed Grinder
  6771 | D:5      | Found Nynub's Weapon Shop.
  7093 | D:5      | Found Vavun's Assorted Antiques.
  7096 | D:5      | Bought a runed short sword for 87 gold pieces
  8137 | D:8      | Noticed Bubs's ghost (novice OpCj)
  8165 | D:8      | Killed Bubs's ghost
  8165 | D:8      | Reached XP level 10. HP: 51/71 MP: 13/13
  8406 | D:8      | Reached *** piety under Pakellas
  8822 | D:8      | Reached skill level 5 in Evocations
  8846 | D:8      | Found Nantih's Antique Armour Boutique.
  9248 | D:9      | Reached **** piety under Pakellas
  9248 | D:9      | Received a gift from Pakellas
  9263 | D:9      | Noticed a deep elf mage
  9270 | D:9      | Killed a deep elf mage
  9270 | D:9      | Reached skill level 10 in Stealth
  9599 | D:9      | Reached skill level 6 in Evocations
 10410 | D:9      | Identified a +4 rod of inaccuracy (11/11) (Pakellas gifted it to you on level 9 of the Dungeon)
 10426 | D:9      | Reached XP level 11. HP: 47/75 MP: 15/15
 11113 | D:9      | Reached ***** piety under Pakellas
 11113 | D:9      | Reached skill level 10 in Short Blades
 11190 | D:9      | Reached skill level 7 in Evocations
 11307 | D:10     | Entered Level 10 of the Dungeon
 11313 | D:10     | Reached skill level 5 in Dodging
 11348 | D:10     | Found a flagged portal.
 11357 | Bailey   | Entered a bailey
 11908 | D:10     | Found an ancient bone altar of Kikubaaqudgha.
 11970 | D:10     | Found a staircase to the Orcish Mines.
 12022 | D:10     | Reached skill level 5 in Shields
 12055 | D:10     | Found a staircase to the Lair.
 12081 | Lair:1   | Entered Level 1 of the Lair of Beasts
 12727 | D:11     | Gained mutation: You have an increased reservoir of magic (+10% MP). [potion of beneficial mutation]
 12728 | D:11     | Gained mutation: Your system is resistant to poisons. [potion of beneficial mutation]
 12814 | D:11     | Noticed Maud
 12815 | D:11     | Noticed an eight-headed hydra
 12821 | D:11     | Reached skill level 8 in Evocations
 12883 | D:11     | Killed Maud
 12990 | D:11     | Killed an eight-headed hydra
 12990 | D:11     | Reached skill level 9 in Evocations
 13289 | D:11     | Reached ****** piety under Pakellas
 13293 | D:11     | Noticed a hill giant
 13306 | D:11     | Killed a hill giant
 13306 | D:11     | Reached skill level 5 in Throwing
 13756 | D:12     | Reached XP level 12. HP: 54/84 MP: 21/21
 14093 | D:12     | Reached skill level 10 in Evocations
 14113 | D:12     | HP: 1/84 [troll (7)]
 15110 | D:13     | Noticed a vault guard
 15246 | D:13     | HP: 4/127 [hill giant/giant club (9)]
 15801 | D:13     | Killed a vault guard
 16096 | D:13     | Noticed a vault guard
 16327 | Orc:1    | Entered Level 1 of the Orcish Mines
 16344 | Orc:1    | Reached skill level 11 in Evocations
 17230 | Lair:1   | Received a gift from Pakellas
 18252 | Lair:1   | Noticed a five-headed hydra
 18260 | Lair:1   | Killed a five-headed hydra
 18860 | Lair:2   | Noticed an eight-headed hydra
 18864 | Lair:2   | Killed an eight-headed hydra
 18864 | Lair:2   | Reached XP level 13. HP: 48/90 MP: 23/23
 21513 | Orc:2    | Entered Level 2 of the Orcish Mines
 21546 | Orc:2    | Found Fuwidot's General Store.
 22933 | Orc:2    | Shot with a bolt by an orc warrior

Vault maps used:
D:1:      matt_arrival_refuge, lemuel_another_geyser
D:2:      nicolae_overflow_hidden_temple, uniq_jessica
D:3:      kennysheep_crisscross, minmay_tree_intersection
D:4:      grunt_temple_overflow_order_and_chaos_1, serial_glass,
          glass_columns_a, glass_columns_b
D:5:      first_bread, serial_shops, shop, kennysheep_mini,
          nicolae_shop_statue_plus
D:6:      basic_altar, makhleb_heckhound_becter, uniq_grinder, uniq_eustachio,
          uniq_sigmund, uniq_crazy_yiuf_cottage
D:7:      lemuel_round_altar, temple_doors_e
D:8:      serial_shops, nicolae_shop_crystal, special_room
D:9:      serial_gnoll_camp, gnoll_camp_medium_02, gnoll_camp_mini_house,
          gnoll_camp_huts_basic, gnoll_camp_mini_doghouse
D:10:     david_lair_shrubbed, orc_0_dummy, enter_bailey_2, basic_altar
D:11:     uniq_maud
D:13:     grunt_vaults_entry_fortified, serial_shops, shop
Temple:   circular_temple_12
Lair:1:   grunt_megastairs_1
Lair:2:   special_room
Orc:1:    minmay_goldmine, uniq_urug
Orc:2:    st_orc_rangers, serial_shops, shop
Bailey:   bailey_axe_2, bailey

Skill      XL: |  1  2  3  4  5  6  7  8  9 10 11 12 13 |
---------------+----------------------------------------+-----
Short Blades   | 3 4 5 6 8 9 10 | 10.4
Fighting       | 3 4 5 7 8 9 |  9.7
Evocations     | 1 2 3 4 6 9 11 | 11.5
Throwing       | 3 5 6 |  6.7
Stealth        | 6 7 9 10 | 10.5
Shields        | 3 4 5 6 8 |  8.0
Dodging        | 3 4 5 6 8 |  8.0

Action                   |  1- 3 |  4- 6 |  7- 9 | 10-12 | 13-15 || total
-------------------------+-------+-------+-------+-------+-------++-------
Melee: Dagger            |    41 |    88 |   243 |       |       ||   372
       Short sword       |       |       |    68 |   776 |   212 ||  1056
 Fire: Blowgun           |     4 |     1 |    16 |    11 |       ||    32
Throw: Throwing net      |       |       |       |     6 |       ||     6
Invok: Quick Charge      |       |       |       |     4 |     3 ||     7
       Device Surge      |       |       |       |     3 |     1 ||     4
Evoke: Wand              |       |       |     1 |    40 |    20 ||    61
       Rod               |       |       |       |     3 |       ||     3
       Box of beasts     |       |       |       |     1 |     3 ||     4
  Use: Scroll            |     4 |     8 |     9 |    13 |     1 ||    35
       Potion            |       |     2 |     6 |    11 |     4 ||    23
 Stab: Sleeping          |     7 |     7 |    13 |    41 |     2 ||    70
       Distracted        |       |     1 |     1 |     6 |       ||     8
       Held in net/web   |       |       |       |     3 |       ||     3
  Eat: Chunk             |       |     8 |     6 |    14 |     4 ||    32
       Beef jerky        |       |       |     2 |       |       ||     2
       Pizza             |       |       |     2 |       |       ||     2
       Fruit             |       |       |     2 |       |     1 ||     3
       Bread ration      |       |       |     1 |     6 |       ||     7
       Royal jelly       |       |       |       |       |     3 ||     3
